 Dungeon Crawl Stone Soup version 0.31-a0-1002-g8e65716e6e (webtiles) character file.

Game seed: 7984829232744661757

40 Nedwor the Chopper (level 3, -3/28 HPs)
             Began as a Demonspawn Gladiator on Nov 7, 2023.
             Slain by a phantom (5 damage)
             ... on level 4 of the Dungeon on Nov 10, 2023.
             The game lasted 00:02:14 (1071 turns).

Nedwor the Chopper (Demonspawn Gladiator)           Turns: 1071, Time: 00:02:14

Health: -3/28      AC:  4    Str: 16    XL:     3   Next: 30%
Magic:  3/3        EV: 12    Int:  9    God:
Gold:   110        SH:  0    Dex: 14    Spells: 2/2 levels left

rFire   . . .        a - +0 war axe
rCold   . . .        (no shield)
rNeg    . . .        b - +0 leather armour
rPois   .            f - +0 helmet
rElec   .            (no cloak)
rCorr   .            (no gloves)
SInv    .            (no boots)
Will    .....        (no amulet)
Stlth   +            (no ring)
HPRegen 0.24/turn    (no ring)
MPRegen 0.08/turn

%: no passive effects
@: no status effects
A: powered by death 1
a: no special abilities


You were on level 4 of the Dungeon.
You visited 1 branch of the dungeon, and saw 3 of its levels.

You collected 110 gold pieces.

Inventory:

Hand Weapons
 a - a +0 war axe (weapon)
Missiles
 d - 3 throwing nets (quivered)
 e - a javelin
Armour
 b - a +0 leather armour (worn)
 f - a +0 helmet (worn)
 m - a scarf of harm
Scrolls
 j - a scroll of identify
Potions
 c - a potion of haste
 g - a potion of mutation {unknown}
 h - a potion of might {unknown}
 i - a potion of lignification {unknown}


   Skills:
 + Level 2.4 Fighting
 * Level 3.4 Axes
 - Level 1.8 Throwing
 + Level 0.4 Armour
 - Level 2.9 Dodging


You had 2 spell levels left.
You didn't know any spells.
Your spell library was empty.

Dungeon Overview and Level Annotations

Branches:
Dungeon (2/15)

Altars:


Innate Abilities, Weirdness & Mutations

You regenerate a little health from kills.


Message History

Unknown command.
You are too injured to fight recklessly!
You are too injured to fight recklessly!
Unknown command.
You are too injured to fight recklessly!
The phantom hits you.
The scorpion zombie attacks as it pursues you!
The scorpion zombie closely misses you. The phantom attacks as it pursues you!
The phantom hits you but does no damage.
The phantom attacks as it pursues you! The phantom hits you.
Unknown command.
The phantom attacks as it pursues you! The phantom completely misses you.
A phantom and a goblin come into view.
The phantom attacks as it pursues you! The phantom hits you.
* * * LOW HITPOINT WARNING * * *
The phantom blinks!
You blink.
The phantom moves out of view.
The goblin moves out of view.
You slash the scorpion zombie!
The scorpion zombie is heavily damaged.
You miss the phantom. The phantom completely misses you.
You closely miss the phantom.
The phantom is lightly damaged.
You barely miss the phantom. The phantom barely misses you.
The phantom closely misses you. The phantom hits you.
* * * LOW HITPOINT WARNING * * *
The phantom blinks!
You blink.
You barely miss the phantom.
You punch the phantom, but do no damage.
The phantom is lightly damaged.
You slash the phantom! The phantom hits you.
* * * LOW HITPOINT WARNING * * *
The phantom blinks!
You blink.
You hit the phantom.
The phantom is moderately damaged.
The phantom completely misses you.
You hit the phantom.
The phantom is heavily damaged.
The phantom hits you.
You die...

##.####
#.P...# ##.#
#####.# .#.#
#..# ...#
#Z## .###
#W# ## #W##
# . ... #
....####.##.
# .......@.#
.. #
#.......W#
§g #
#.#......#
§§§ #
.....#..##
§.# #
.....#..# .
.... .... #
#.# .... #.
.....


You could see 3 phantoms and a scorpion zombie.

Vanquished Creatures
  An adder (D:2)
  A dart slug (D:1)
  3 bats (D:1)
  3 giant cockroaches
  4 goblins
  3 hobgoblins
  3 kobolds
  A quokka (D:1)
  3 ball pythons
  3 frilled lizards (D:1)
  3 rats (D:1)
28 creatures vanquished.

Notes
Turn   | Place    | Note
-------+----------+-------------------------------------------
     0 | D:1      | Nedwor the Demonspawn Gladiator began the quest for the
                  | Orb.
     0 | D:1      | Reached XP level 1. HP: 16/16 MP: 1/1
   267 | D:1      | Reached skill level 3 in Axes
   267 | D:1      | Gained mutation: You regenerate a little health from kills.
                  | [demonic ancestry]
   267 | D:1      | Reached XP level 2. HP: 22/22 MP: 2/2
   759 | D:1      | Upgraded the game from 0.31-a0-996-g3b49de5836 to
                  | 0.31-a0-1002-g8e65716e6e
   938 | D:2      | Reached XP level 3. HP: 23/28 MP: 3/3
  1039 | D:2      | You fall into a shaft and drop 2 floors!
  1054 | D:4      | Noticed a phantom
  1057 | D:4      | Noticed a phantom
  1066 | D:4      | Noticed a phantom
  1069 | D:4      | HP: 1/28 [phantom (2)]
  1071 | D:4      | Slain by a phantom

Illustrated notes

Levels and vault maps discovered:
D:1:      lightli_arrival_flooded_house, layout_loops_ring,
          minmay_misc_feat_diagonals, minmay_pentomino_v2
D:2:      layout_basic, basic_altar, nicolae_the_louvre
D:4:      layout_loops_cross, mainiacjoe_overflow_brackets, serial_undead,
          serial_undead_c, serial_undead_f, serial_undead_f, serial_undead_b,
          serial_undead_a, serial_undead_d, serial_undead_a,
          uniq_crazy_yiuf_cottage, uniq_grinder

Skill      XL: |  1 |
---------------+----+-----
Axes           | 3 |  3.4
Fighting       | |  2.4
Throwing       | |  1.8
Armour         | |  0.4
Dodging        | |  2.9

Action                     || total
---------------------------++-------
  Melee: War axe           ||   101
         Punch             ||     1
    Use: Scroll            ||     4
   Stab: Sleeping          ||     1
 Armour: Leather armour    ||    71
  Dodge: Dodged            ||    89

Table legend: (Time is in decaauts)
 A = Elapsed time spent in this place.
 B = Non-inter-level travel time spent in this place.
 C = Inter-level travel time spent in this place.
 D = Time resting spent in this place.
 E = Time spent auto-exploring this place.
 F = Levels seen in this place.
 G = Mean time per level.
                   A        B        C        D        E       F      G
               +--------+--------+--------+--------+--------+-----+--------+
         Total |   1104 |   1073 |     31 |      0 |    795 |   3 |  368.0 |
       Dungeon |   1104 |   1073 |     31 |      0 |    795 |   3 |  368.0 |
               +--------+--------+--------+--------+--------+-----+--------+

Top non-repeatable levels by time:
     D:1: 814 daAuts
     D:2: 255 daAuts
     D:4: 34 daAuts
